 Dungeon Crawl Stone Soup version 0.31-a0-920-g28cbb04a8c (webtiles) character file.

Game seed: 5472786281874465069

3075 Mgcat the Cleaver (level 9, -6/81 HPs)
             Began as a Hill Orc Fighter on June 2, 2023.
             Was an Elder of Okawaru.
             Killed by divine providence
             ... invoked by an orc priest
              (13 damage)
             ... on level 7 of the Dungeon on Oct 17, 2023.
             The game lasted 00:11:12 (5632 turns).

Mgcat the Cleaver (Hill Orc Fighter)                Turns: 5632, Time: 00:11:13

Health: -6/81      AC: 12    Str: 23    XL:     9   Next: 88%
Magic:  9/9        EV:  9    Int: 11    God:    Okawaru [****..]
Gold:   215        SH: 10    Dex: 10    Spells: 8/8 levels left

rFire   + . .        a - +1 war axe
rCold   + . .        c - +0 buckler
rNeg    . . .        b - +0 scale mail
rPois   .            h - +1 helmet {Int+3}
rElec   .            e - scarf {rC+ rF+}
rCorr   .            l - +1 pair of gloves
SInv    .            (no boots)
Will    +....        i - amulet of reflection Stlth
                     n - ring of willpower
HPRegen 0.33/turn    (no ring)
MPRegen 0.11/turn

%: reflection
@: no status effects
A: no striking features
a: Renounce Religion, Convert to Beogh, Heroism, Finesse


You were on level 7 of the Dungeon.
You worshipped Okawaru.
Okawaru was greatly pleased with you.
You visited 1 branch of the dungeon, and saw 8 of its levels.

You collected 215 gold pieces.

Inventory:

Hand Weapons
 a - a +1 war axe (weapon)
 g - a +0 battleaxe
   (You took it off a wight on level 6 of the Dungeon)
Armour
 b - a +0 scale mail (worn)
 c - a +0 buckler (worn)
 e - a scarf of resistance (worn)
   (You found it on level 1 of the Dungeon)
 h - a +1 helmet of intelligence (worn)
   (You took it off Robin on level 4 of the Dungeon)
 l - a +1 pair of gloves (worn)
   (You found it on level 2 of the Dungeon)
Jewellery
 i - an amulet of reflection (around neck)
   (You found it on level 1 of the Dungeon)
 m - a ring of ice {rC+, rF-}
   (You found it on level 7 of the Dungeon)
 n - a ring of willpower (left hand)
   (You found it on level 6 of the Dungeon)
Scrolls
 f - 4 scrolls of teleportation
 k - a scroll of identify
 q - a scroll of amnesia
 v - a scroll of revelation {unknown}
Potions
 d - 2 potions of ambrosia {unknown}
 j - 3 potions of curing {unknown}
 o - 2 potions of invisibility
 p - 2 potions of might
 r - a potion of brilliance
 s - 2 potions of lignification {!q}
 t - a potion of enlightenment
 u - 7 potions of haste {unknown}


   Skills:
 + Level 8.1 Fighting
 * Level 11.3 Axes
 + Level 7.3 Armour
 + Level 7.4 Shields


You had 8 spell levels left.
You didn't know any spells.
Your spell library contained the following spells:

 Spells                   Type           Power      Damage    Failure   Level
 Ozocubu's Armour         Ice            0%         N/A       96%         3
 Leda's Liquefaction      Hex/Erth       0%         N/A       100%        4
 Borgnjor's Vile Clutch   Necr/Erth      0%         N/A       100%        5
 Lee's Rapid Deconstruct  Erth           0%         3d4*      100%        5
 Metabolic Englaciation   Hex/Ice        0%         N/A       100%        5
 Bombard                  Conj/Erth      0%         9d1       100%        6
 Animate Dead             Necr           Unusable   N/A       N/A         4
 Death Channel            Necr           Unusable   N/A       N/A         6
 Simulacrum               Ice/Necr       Unusable   N/A       N/A         6

Dungeon Overview and Level Annotations

Branches:
Dungeon (8/15)             Temple (0/1) D:7
   Lair: D:8-11

Altars:
Dithmenos
Okawaru
Qazlal

Shops:
D:2 [   D:7 =


Message History

The iguana is almost dead.
You block the iguana's attack.
You closely miss the iguana.
The iguana is almost dead.
The iguana bites you!
You take 7 damage, and have 35/81 hp.
Warning x2: The orc priest can smite you! x2
The orc priest shouts, "Beogh is our master!
Accept the truth or die!"
You hit the iguana.
You kill the iguana!
Okawaru accepts your kill.
You hit the orc.
The orc is moderately wounded.
Warning x3: The orc priest (wandering) can smite you!
The orc priest can smite you! x2
The orc priest shouts!
The orc priest shouts, "Join the one true god or die!"
You hit the orc priest.
The orc priest is lightly wounded.
You slash the orc!
You kill the orc!
Okawaru accepts your kill.
The orc priest looks braver for a moment.
The orc priest mumbles some strange prayers to Beogh against you.
Pain shoots through your body!
You take 3 damage, and have 32/81 hp.
Warning x3: The orc priest can smite you! x3
You barely miss the orc priest.
The orc priest is lightly wounded.
The orc priest calls upon Beogh to heal the orc priest.
The orc priest's wounds heal themselves!
The orc priest threatens, "By the altar or by the axe, you will meet Beogh!"
You hit the orc priest.
The orc priest is lightly wounded.
The orc priest barely misses you.
Warning x3: The orc priest can smite you! x3
You hit the orc priest.
The orc priest is moderately wounded.
You hit the orc priest but do no damage.
The orc priest shouts, "Surrender to Beogh and we'll let you live!"
The orc priest is moderately wounded.
The orc priest calls upon Beogh to heal the orc priest.
The orc priest's wounds heal themselves!
You block the orc priest's attack.
Warning x3: The orc priest can smite you! x3
The orc priest shouts, "Join the one true god or die!"
The orc priest shouts, "Beogh is our master!
Accept the truth or die!"
You slash the orc priest!
The orc priest is severely wounded.
You barely miss the orc priest.
The orc priest calls upon Beogh to heal the orc priest.
The orc priest is healed somewhat.
The orc priest hits you with a +0 dagger.
You take 3 damage, and have 31/81 hp.
Warning x3: The orc priest can smite you! x3
You closely miss the orc priest. x2
The orc priest shouts, "Beogh is our master!
Accept the truth or die!"
The orc priest closely misses you.
The orc priest shouts, "Join the one true god or die!"
The orc priest hits you but does no damage.
You slash the orc priest!
You kill the orc priest!
Okawaru accepts your kill.
You closely miss the orc priest.
The orc priest threatens, "By the altar or by the axe, you will meet Beogh!"
The orc priest looks satisfied for a moment.
Warning x2: The orc priest can smite you! x2
You hit the orc priest.
The orc priest is heavily wounded.
You completely miss the orc priest.
The orc priest mumbles some strange prayers to Beogh against you.
Beogh smites you!
* * * LOW HITPOINT WARNING * * *
The orc priest invokes the aid of Beogh against you.
Pain shoots through your body!
* * * LOW HITPOINT WARNING * * *
The orc priest threatens, "By the altar or by the axe, you will meet Beogh!"
You take 26 damage, and have 6/81 hp.
MASSIVE DAMAGE!!
Warning x2: The orc priest can smite you! x2
You barely miss the orc priest.
The orc priest is heavily wounded.
You barely miss the orc priest.
The orc priest hits you but does no damage.
The orc priest barely misses you.
The orc priest threatens, "By the altar or by the axe, you will meet Beogh!"
Warning x2: The orc priest can smite you! x2
Unknown command.
Unknown command.
Unknown command.
Okay, then.
Unknown command.
Unknown command.
Warning x2: The orc priest can smite you! x2
Unknown command.
Unknown command.
You barely miss the orc priest.
The orc priest is heavily wounded.
You closely miss the orc priest.
The orc priest invokes the aid of Beogh against you.
Beogh smites you!
You die...

#.# #..###.'.#...## #.####.##
###.#'#... #...##.#
#.....#...
........##.#..#.##.#.....##'#
..o.....##.##.#....#.....#...
..o.....##.##....#####.#+#...
......$.##.#.....+ +.#.....
.....o..##.#o##### #####...
#....o..##.o@+ +...
#.......##.### #### #......#
#. ###....+ +. #....# #.
...... #...### ####
......###....+ +...
...........### ###...
.....#..#..# #.....


You could see 2 orc priests.

Vanquished Creatures
  A two-headed ogre (D:4)
  Grinder (D:4)
  Duvessa (D:5)
  2 sky beasts (D:7)
  2 ice beasts
  An ogre (D:6)
  2 centaurs (D:6)
  A kobold brigand (D:4)
  A bullfrog (D:6)
  3 scorpions
  4 wights (D:6)
  Dowan (D:5)
  3 jellies
  5 hounds
  4 orc priests
  2 sleepcaps
  A gnoll bouda (D:6)
  10 orc wizards
  3 iguanas
  Robin (D:4)
  4 gnolls (D:6)
  6 adders
  2 white imps
  An ufetubus (D:4)
  A worm (D:5)
  2 dart slugs (D:3)
  22 orcs
  6 bats
  9 endoplasms
  3 giant cockroaches
  9 hobgoblins
  10 kobolds
  4 quokkas
  6 ball pythons
  2 frilled lizards
  13 goblins
  A rat (D:1)
150 creatures vanquished.

Notes
Turn   | Place    | Note
-------+----------+-------------------------------------------
     0 | D:1      | Mgcat the Hill Orc Fighter began the quest for the Orb.
     0 | D:1      | Reached XP level 1. HP: 19/19 MP: 1/1
   115 | D:1      | Reached skill level 3 in Axes
   175 | D:1      | Reached XP level 2. HP: 27/27 MP: 2/2
   765 | D:2      | Reached skill level 4 in Fighting
   765 | D:2      | Reached XP level 3. HP: 33/33 MP: 3/3
  1103 | D:2      | Found Fotez's Armour Boutique.
  1230 | D:3      | Reached skill level 4 in Axes
  1485 | D:3      | Reached XP level 4. HP: 40/40 MP: 4/4
  1559 | D:3      | Found an iron altar of Okawaru.
  1853 | D:3      | Became a worshipper of Warmaster Okawaru
  2026 | D:3      | Reached skill level 4 in Shields
  2211 | D:4      | Reached skill level 4 in Armour
  2211 | D:4      | Reached XP level 5. HP: 47/47 MP: 5/5
  2235 | D:4      | Reached skill level 5 in Axes
  2315 | D:4      | Noticed Grinder
  2321 | D:4      | Paralysed by Grinder for 4 turns
  2331 | D:4      | Paralysed by Grinder for 4 turns
  2347 | D:4      | Killed Grinder
  2347 | D:4      | Reached * piety under Okawaru
  2347 | D:4      | Reached ** piety under Okawaru
  2348 | D:4      | Reached skill level 5 in Fighting
  2348 | D:4      | Reached skill level 6 in Axes
  2348 | D:4      | Reached XP level 6. HP: 35/56 MP: 6/6
  2415 | D:4      | Noticed a two-headed ogre
  2502 | D:4      | Reached XP level 7. HP: 61/61 MP: 7/7
  2502 | D:4      | Upgraded the game from 0.31-a0-133-gaae73658be to
                  | 0.31-a0-750-gfe7b580527
  2609 | D:4      | Killed a two-headed ogre
  2609 | D:4      | HP: 13/61 [spore (35)]
  2610 | D:4      | Reached skill level 6 in Fighting
  2610 | D:4      | Reached skill level 8 in Axes
  2610 | D:4      | Reached skill level 5 in Armour
  2610 | D:4      | Reached skill level 5 in Shields
  2610 | D:4      | Reached XP level 8. HP: 15/70 MP: 8/8
  2922 | D:4      | Noticed Robin
  2952 | D:4      | Killed Robin
  3133 | D:5      | Entered Level 5 of the Dungeon
  3358 | D:5      | Reached *** piety under Okawaru
  3388 | D:5      | Noticed Dowan
  3389 | D:5      | Noticed Duvessa
  3401 | D:6      | Reached skill level 6 in Shields
  3472 | D:6      | Reached skill level 9 in Axes
  3472 | D:6      | Reached skill level 6 in Armour
  3695 | D:5      | Reached skill level 7 in Fighting
  3695 | D:5      | Reached XP level 9. HP: 68/79 MP: 9/9
  3802 | D:5      | Killed Dowan
  3816 | D:5      | Killed Duvessa
  3817 | D:5      | Reached skill level 10 in Axes
  3960 | D:5      | Found a shadowy altar of Dithmenos.
  3960 | D:5      | Found a stormy altar of Qazlal.
  4416 | D:6      | Reached **** piety under Okawaru
  4417 | D:6      | Upgraded the game from 0.31-a0-750-gfe7b580527 to
                  | 0.31-a0-920-g28cbb04a8c
  4545 | D:6      | Reached skill level 7 in Shields
  4579 | D:6      | Reached skill level 7 in Armour
  4871 | D:6      | You fall into a shaft and drop 2 floors!
  4883 | D:7      | Found a staircase to the Ecumenical Temple.
  4927 | D:7      | Reached skill level 11 in Axes
  5339 | D:7      | Found Jabios's Jewellery Boutique.
  5398 | D:7      | Reached skill level 8 in Fighting
  5630 | D:7      | HP: 19/81 [orc priest/divine providence (13)]
  5630 | D:7      | HP: 6/81 [orc priest/nerve-wracking pain (13)]
  5632 | D:7      | Killed from afar by an orc priest

Illustrated notes

Levels and vault maps discovered:
D:1:      dpeg_arrival_pits, layout_loops_ring, minmay_misc_feat_five,
          minivault_19
D:2:      layout_rooms, serial_shops, nicolae_shop_waterfront,
          chequers_serial_rivers_micro_a
D:3:      layout_basic, hellmonk_okawaru_the_only_friend_you_need,
          serial_bayou_ford_a, patterned_corridor
D:4:      layout_rooms, uniq_grinder, uniq_robin
D:5:      layout_cave_pools, gammafunk_temple_overflow_statue, uniq_duvessa
D:6:      layout_loops_ring, dk_noncrumbling_2
D:7:      nicolae_cairo_tiling_large, layout_rooms, minmay_temple_entry_arrows,
          serial_shops, nicolae_shop_gaudy_bauble, corexii_corridor_pit
D:8:      layout_rooms, tso_oasis_becter, lemuel_coloured_pillars_altar,
          hellmonk_guarded_unrand_vitality_bloodlust

Skill      XL: |  1  2  3  4  5  6  7  8  9 |
---------------+----------------------------+-----
Axes           | 3 4 6 8 9 11 | 11.3
Fighting       | 4 5 6 7 8 |  8.1
Shields        | 4 5 6 7 |  7.4
Armour         | 4 5 6 7 |  7.3

Action                     |  1- 3 |  4- 6 |  7- 9 || total
---------------------------+-------+-------+-------++-------
  Melee: War axe           |    93 |    89 |   282 ||   464
 Invoke: Heroism           |       |       |     2 ||     2
    Use: Scroll            |       |       |    13 ||    13
         Potion            |       |       |     1 ||     1
 Armour: Scale mail        |    45 |    63 |   149 ||   257
  Dodge: Dodged            |    35 |    39 |    72 ||   146
  Block: Buckler           |    28 |    74 |   133 ||   235
         Reflection        |     1 |       |     6 ||     7

Table legend: (Time is in decaauts)
 A = Elapsed time spent in this place.
 B = Non-inter-level travel time spent in this place.
 C = Inter-level travel time spent in this place.
 D = Time resting spent in this place.
 E = Time spent auto-exploring this place.
 F = Levels seen in this place.
 G = Mean time per level.
                   A        B        C        D        E       F      G
               +--------+--------+--------+--------+--------+-----+--------+
         Total |   5726 |   5306 |    420 |    654 |   3451 |   8 |  715.8 |
       Dungeon |   5726 |   5306 |    420 |    654 |   3451 |   8 |  715.8 |
               +--------+--------+--------+--------+--------+-----+--------+

Top non-repeatable levels by time:
     D:4: 1186 daAuts
     D:6: 1135 daAuts
     D:3: 1080 daAuts
     D:1: 756 daAuts
     D:5: 674 daAuts
     D:2: 487 daAuts
     D:7: 393 daAuts
     D:8: 11 daAuts

Levels and vault maps discovered:
D:1:      dpeg_arrival_pits, layout_loops_ring, minmay_misc_feat_five,
          minivault_19
D:2:      layout_rooms, serial_shops, nicolae_shop_waterfront,
          chequers_serial_rivers_micro_a
D:3:      layout_basic, hellmonk_okawaru_the_only_friend_you_need,
          serial_bayou_ford_a, patterned_corridor
D:4:      layout_rooms, uniq_grinder, uniq_robin
D:5:      layout_cave_pools, gammafunk_temple_overflow_statue, uniq_duvessa
D:6:      layout_loops_ring, dk_noncrumbling_2
D:7:      nicolae_cairo_tiling_large, layout_rooms, minmay_temple_entry_arrows,
          serial_shops, nicolae_shop_gaudy_bauble, corexii_corridor_pit
D:8:      layout_rooms, tso_oasis_becter, lemuel_coloured_pillars_altar,
          hellmonk_guarded_unrand_vitality_bloodlust

Table legend: (Time is in decaauts)
 A = Elapsed time spent in this place.
 B = Non-inter-level travel time spent in this place.
 C = Inter-level travel time spent in this place.
 D = Time resting spent in this place.
 E = Time spent auto-exploring this place.
 F = Levels seen in this place.
 G = Mean time per level.
                   A        B        C        D        E       F      G
               +--------+--------+--------+--------+--------+-----+--------+
         Total |   5726 |   5306 |    420 |    654 |   3451 |   8 |  715.8 |
       Dungeon |   5726 |   5306 |    420 |    654 |   3451 |   8 |  715.8 |
               +--------+--------+--------+--------+--------+-----+--------+

Top non-repeatable levels by time:
     D:4: 1186 daAuts
     D:6: 1135 daAuts
     D:3: 1080 daAuts
     D:1: 756 daAuts
     D:5: 674 daAuts
     D:2: 487 daAuts
     D:7: 393 daAuts
     D:8: 11 daAuts

Table legend:
 A = Kills in this place as a percentage of kills in the entire game.
 B = Kills by you in this place as a percentage of kills by you in the entire game.
 C = Kills by friends in this place as a percentage of kills by friends in the entire game.
 D = Other kills in this place as a percentage of other kills in the entire game.
 E = Experience gained in this place as a percentage of experience gained in the entire game.
 F = Experience gained in this place divided by the number of levels of this place that you have seen.
                   A       B       C       D       E      F
               +-------+-------+-------+-------+-------+----------------------
         Total | 100.0 | 100.0 |   N/A |   N/A | 100.0 | 549.1
       Dungeon | 100.0 | 100.0 |   N/A |   N/A | 100.0 | 549.1
               +-------+-------+-------+-------+-------+----------------------
